Map: New Repugnancy LE

Players

Reynor - Winner!

  • Race: Zerg Zerg
  • League: Master
  • Spawn Location: 7:00

Harstem

  • Race: Protoss Protoss
  • League: Grandmaster
  • Spawn Location: 1:00

Event: HomeStory Cup XIX

VOD

Have the link to the VOD?

Description

Time

  • Played on: June 27, 2019, 9:19 a.m.
  • Length: 5:13

All games in this series

Show
View Real Time Build Order
Export as new Build Order

Reynor Zerg - Winner!

Build Orders: Hatch First 

Get SALT Encoding   

  12  0:00  Drone  
  13  0:12  Overlord  
  13  0:17  Drone  
  14  0:31  Drone  
  15  0:45  Hatchery  
  15  0:48  Drone  
  15  0:51  Drone  
  15  0:55  Drone  
  17  0:59  Drone  
  18  1:15  Spawning Pool  
  18  1:17  Drone  
  18  1:21  Drone  
  18  1:22  Extractor  
  18  1:31  Drone  
  19  1:42  Drone  
  20  1:52  Overlord  
  20  1:57  Drone  
  21  2:01  Queen x2  
  21  2:05  Zergling x2  
  21  2:08  Zergling x2  
  27  2:14  Drone  
  28  2:18  Drone  
  29  2:25  Drone  
  30  2:33  Drone  
  31  2:37  Hatchery  
  31  2:39  Pneumatized Carapace  
  31  2:42  Drone  
  31  2:47  Drone  
  32  2:52  Queen  
  32  2:56  Overlord  
  34  2:59  Zergling x2  
  34  3:01  Zergling x2  
  36  3:06  Overlord  
  36  3:15  Drone x3  
  36  3:16  Drone  
  40  3:22  Overlord  
  40  3:26  Drone  
  41  3:30  Queen  
  41  3:33  Metabolic Boost  
  43  3:35  Drone  
  43  3:37  Drone  
  45  3:44  Drone x2  
  45  3:45  Drone  
  48  3:50  Roach Warren  
  48  3:52  Drone  
  49  3:55  Drone  
  49  3:57  Extractor  
  49  3:59  Overlord  
  48  4:04  Zergling x4  
  48  4:09  Zergling x8  
  54  4:12  Overlord  
  54  4:23  Drone x2  
  56  4:27  Overlord  
  56  4:34  Roach x6  
  56  4:36  Roach  
  70  4:39  Roach  
  70  4:42  Roach  
  70  4:45  Roach  
  76  4:49  Zergling x6  
Show
View Real Time Build Order
Export as new Build Order

Harstem Protoss 

Build Orders: 1 Gate Expand, Mass Adepts 

Get SALT Encoding   

  12  0:00  Probe  
  13  0:12  Probe  
  14  0:18  Pylon  
  14  0:24  Probe  
  15  0:36  Probe, Gateway  
  16  0:44  Probe  
  17  0:52  Assimilator  
  17  0:54  Probe  
  18  1:06  Probe  
  19  1:18  Probe  
  20  1:26  Cybernetics Core  
  20  1:39  Nexus  
  20  1:46  Pylon  
  20  1:48  Probe  
  21  1:54  Adept  
  21  1:55  Assimilator  
  21  2:00  Probe  
  22  2:06  Warp Gate  
  24  2:12  Probe  
  24  2:14  Adept  
  25  2:24  Probe  
  28  2:35  Twilight Council  
  28  2:37  Probe  
  28  2:44  Stalker  
  30  2:52  Probe x2  
  32  2:59  Robotics Facility  
  32  3:04  Probe  
  32  3:05  Probe  
  34  3:08  Resonating Glaives  
  34  3:17  Probe, Gateway  
  35  3:20  Gateway  
  35  3:28  Probe  
  35  3:29  Probe  
  37  3:40  Gateway  
  37  3:41  Warp Prism  
  37  3:42  Gateway  
  37  3:46  Probe  
  40  3:56  Adept  
  40  4:01  Pylon  
  40  4:02  Probe  
  43  4:03  Probe  
  44  4:12  Adept  
  44  4:16  Pylon  
  46  4:19  Probe, Adept  
  46  4:20  Adept  
  46  4:22  Probe  
  52  4:26  Pylon  
  52  4:40  Adept x2  
  52  4:41  Adept x2  
  52  4:43  Adept  
  62  4:49  Probe x2  
  60  5:01  Probe  
Tags
 
Add a new tag
Caveats
  • Supply blocks, unpowered buildings, or Contaminate may cause inaccurate times.
  • Supply counts are checked every 10 seconds.